 Dungeon Crawl Stone Soup version 0.18.1-48-g4cf74bf (webtiles) character file.

90 Krapule the Skirmisher (level 4, -3/35 HPs)
             Began as a Vampire Fighter on July 19, 2016.
             Slain by Grinder (6 damage)
             ... on level 3 of the Dungeon.
             The game lasted 00:06:46 (1972 turns).

Krapule the Skirmisher (Vampire Fighter)            Turns: 1972, Time: 00:06:47

Health: -3/35      AC:  6    Str: 16    XL:     4   Next: 32%
Magic:  4/4        EV:  8    Int: 13    God:
Gold:   110        SH:  9    Dex: 16    Spells: 0 memorised, 3 levels left

rFire  . . .     SeeInvis +     a - +0 long sword
rCold  . . .     Gourm    .     n - +0 ring mail
rNeg   + . .     Faith    .     c - +0 shield
rPois  .         Spirit   .     (no helmet)
rElec  .         Dismiss  .     (no cloak)
rCorr  .         Reflect  .     (no gloves)
SustAt .         Harm     .     b - +0 pair of boots
MR     .....                    m - amulet of magic regeneration
Stlth  ++........               k - +3 ring of dexterity
                                t - +3 ring of intelligence

@: not resistant to hostile enchantments, unstealthy
A: fangs 3, see invisible, unbreathing
a: Bat Form


You were on level 3 of the Dungeon.
You were not thirsty.

You visited 1 branch of the dungeon, and saw 3 of its levels.

You collected 110 gold pieces.

Inventory:

Hand Weapons
 a - a +0 long sword (weapon)
Armour
 b - a +0 pair of boots (worn)
 c - a +0 shield (worn)
 n - a +0 ring mail (worn)
Jewellery
 j - an uncursed ring of wizardry
 k - a +3 ring of dexterity (right hand)
 m - an amulet of magic regeneration (around neck)
 t - a +3 ring of intelligence (left hand)
 u - an uncursed ring of magical power {unknown}
Wands
 f - a wand of random effects (28/48)
 l - a wand of digging (7/24)
 s - a wand of polymorph (11/24)
Scrolls
 g - a scroll of remove curse {unknown}
 h - 2 scrolls of teleportation {unknown}
 o - a scroll of identify {unknown}
 p - a scroll of amnesia {unknown}
 q - 2 scrolls of enchant weapon {unknown}
 r - a scroll of noise {unknown}
Potions
 d - a potion of might
 e - 5 potions of blood
 i - 4 potions of brilliance {unknown}


   Skills:
 + Level 3.1 Fighting
 + Level 2.6 Long Blades
 + Level 2.8 Armour
 + Level 1.3 Dodging
 + Level 1.9 Stealth
 + Level 3.1 Shields


You had 3 spell levels left.
You didn't know any spells.

Dungeon Overview and Level Annotations

Branches:
Dungeon (3/15)

Altars:

Annotations:
D:3 Grinder


Innate Abilities, Weirdness & Mutations

You have razor-sharp teeth.
You have supernaturally acute eyesight.
You can survive without breathing.


Message History

You hit Grinder.
Grinder is lightly wounded.
Grinder gestures at you.
You suddenly lose the ability to move!
Grinder hits you. Grinder hits you! Grinder gestures at you.
You resist with significant effort. Grinder hits you.
You can move again.
Drink which item? (? for menu, Esc to quit)
Yummy - fresh blood!
Grinder hits you!
* * * LOW HITPOINT WARNING * * *
Grinder blinks!
Grinder gestures at you.
You suddenly lose the ability to move!
You can move again.
Grinder blinks!
Drink which item? (? for menu, Esc to quit)
Yummy - fresh blood!
Grinder hits you.
You die...

.............##........
....................#
....................#
.#..................#
###...#...#.........#
########
#.......#######.#####......#
....###### #............#
.... ....###########......#
#.. #....5@............#
#############......#
#......# ########


You could see Grinder.

Vanquished Creatures
  Terence (D:3)
  2 adders (D:2)
  An ooze (D:2)
  A worm (D:2)
  6 giant cockroaches
  4 hobgoblins
  4 jackals (D:2)
  9 kobolds
  3 bats (D:2)
  3 giant newts
  2 goblins
  2 rats (D:1)
38 creatures vanquished.

Notes
Turn   | Place    | Note
--------------------------------------------------------------
     0 | D:1      | Krapule the Vampire Fighter began the quest for the Orb.
     0 | D:1      | Reached XP level 1. HP: 17/17 MP: 1/1
    76 | D:1      | Reached XP level 2. HP: 16/23 MP: 2/2
   750 | D:2      | Reached XP level 3. HP: 26/28 MP: 3/3
   879 | D:2      | Reached skill level 1 in Stealth
  1015 | D:2      | Reached skill level 1 in Dodging
  1747 | D:3      | Noticed Terence
  1759 | D:3      | Killed Terence
  1759 | D:3      | Reached XP level 4. HP: 26/35 MP: 4/4
  1952 | D:3      | Noticed Grinder
  1961 | D:3      | Paralysed by Grinder for 4 turns
  1969 | D:3      | Paralysed by Grinder for 2 turns
  1972 | D:3      | Slain by Grinder

Skill      XL: |  1  2  3 |
---------------+----------+-----
Shields        | 3 |  3.1
Stealth        | 1 |  1.9
Dodging        | 1 |  1.3
Fighting       | 3 |  3.1
Long Blades    | |  2.6
Armour         | |  2.8

Action                   |  1- 3 |  4- 6 || total
-------------------------+-------+-------++-------
Melee: Long sword        |   124 |     6 ||   130
       Bite              |     8 |       ||     8
  Use: Potion            |     3 |     2 ||     5
 Stab: Sleeping          |     2 |       ||     2
Armor: Scale mail        |     6 |       ||     6
       Ring mail         |    32 |     1 ||    33
       Leather armour    |     3 |       ||     3
Dodge: Dodged            |    38 |     2 ||    40
Block: Shield            |    74 |     2 ||    76
